[Event "British KO-ch 2019"]
[Site "London"]
[Date "2019.12.03"]
[Round "2.2"]
[White "Howell, David W L"]
[Black "Jones, Gawain C B"]
[Result "1/2-1/2"]
[ECO "D75"]
[WhiteElo "2701"]
[BlackElo "2663"]
[Annotator "RC"]
[PlyCount "71"]
[EventDate "2019.11.30"]
[EventType "k.o."]
[EventCountry "ENG"]
[SourceTitle "playchess.com"]
[Source "ChessBase"]
[SourceQuality "1"]
[TimeControl "5400+30"]

1. Nf3 Nf6 2. c4 g6 3. g3 Bg7 4. Bg2 O-O 5. O-O c5 6. d4 cxd4 7. Nxd4 d5 8. cxd5 Nxd5 9. Nb5 Be6 10. Nd4 Bc8 11. Nc3 Nxc3 12. bxc3 Nc6 13. Rb1 Nxd4 14. cxd4 Qxd4 15. Qxd4 Bxd4 16. Bh6 Rd8 17. Bxb7 Rb8 18. Bxc8 Rdxc8 19. Rxb8 Rxb8 20. Rd1 Bc5 21. Rd7 Rc8 22. a4 a6 23. Kg2 f6 24. Bd2 Kf7 25. Kf3 Ke6 26. Rb7 Kd5 27. e4+ Kc6 28. Rb1 Kd7 29. Ke2 Rc6 30. f3 Rb6 31. Rxb6 Bxb6 32. Kd3 Kc6 33. Kc4 e6 34. g4 f5 35. h3 fxe4 36. fxe4 1/2-1/2

[Event "British KO-ch 2019"]
[Site "London"]
[Date "2019.12.04"]
[Round "2.7"]
[White "Howell, David W L"]
[Black "Jones, Gawain C B"]
[Result "1/2-1/2"]
[ECO "E63"]
[WhiteElo "2701"]
[BlackElo "2663"]
[Annotator "ChessBase"]
[PlyCount "101"]
[EventDate "2019.11.30"]
[EventType "k.o."]
[EventCountry "ENG"]
[SourceTitle "playchess.com"]
[Source "ChessBase"]
[SourceQuality "1"]
[TimeControl "300+3"]

1. Nf3 Nf6 2. g3 g6 3. Bg2 Bg7 4. c4 O-O 5. O-O d6 6. d4 Nc6 7. Nc3 a6 8. b3 Rb8 9. d5 Na5 10. Bg5 b5 11. cxb5 axb5 12. b4 c5 13. dxc6 Nxc6 14. a3 h6 15. Bd2 Bd7 16. Rc1 Ng4 17. Nd5 Nce5 18. Nxe5 Nxe5 19. Bc3 e6 20. Ne3 d5 21. Qb3 Ra8 22. Rfd1 Nc4 23. Nxc4 bxc4 24. Qb2 Bxc3 25. Qxc3 f5 26. f3 Qb6+ 27. Kh1 Ba4 28. Rd2 Bb3 29. e4 Rad8 30. exd5 exd5 31. Rd4 f4 32. gxf4 Qf6 33. Rg1 Kh7 34. Bh3 Qh4 35. Be6 Rxf4 36. Rxd5 Rxd5 37. Bxd5 Rf5 38. Be4 Rg5 39. Rxg5 Qxg5 40. Qd4 Qc1+ 41. Kg2 c3 42. Qd7+ Kg8 43. Qe8+ Kg7 44. Qxg6+ Kf8 45. Qd6+ Kg8 46. Qd8+ Kf7 47. Qd7+ Kf8 48. Qd6+ Kf7 49. Qd7+ Kf8 50. Qd8+ Kf7 51. Qd7+ 1/2-1/2

[Event "British KO-ch 2019"]
[Site "London"]
[Date "2019.12.04"]
[Round "2.7"]
[White "McShane, Luke J"]
[Black "Adams, Michael"]
[Result "1-0"]
[ECO "C68"]
[WhiteElo "2675"]
[BlackElo "2692"]
[Annotator "ChessBase"]
[PlyCount "89"]
[EventDate "2019.11.30"]
[EventType "k.o."]
[EventCountry "ENG"]
[SourceTitle "playchess.com"]
[Source "ChessBase"]
[SourceQuality "1"]
[TimeControl "300+3"]

1. e4 e5 2. Nf3 Nc6 3. Bb5 a6 4. Bxc6 dxc6 5. O-O Qf6 6. d3 Bd6 7. Nbd2 c5 8. Qe1 Ne7 9. Nc4 Nc6 10. a4 O-O 11. a5 Bg4 12. Nfd2 Nd4 13. f3 Be6 14. Ne3 b5 15. axb6 cxb6 16. c3 Nc6 17. Nd5 Qd8 18. c4 Nb4 19. Qe2 Nc2 20. Ra2 Nd4 21. Qd1 f5 22. Nb1 b5 23. Nbc3 b4 24. Ne2 Nxe2+ 25. Qxe2 a5 26. b3 Bd7 27. exf5 Bxf5 28. Bb2 a4 29. Rxa4 Rxa4 30. bxa4 Re8 31. Ra1 Qa5 32. f4 e4 33. Qh5 Rf8 34. dxe4 Bxe4 35. Qg4 Rf7 36. Nf6+ Rxf6 37. Bxf6 Qc7 38. Qe6+ Qf7 39. Qxe4 Qxf6 40. Rd1 Be7 41. a5 Kf7 42. Qd5+ Kg6 43. Re1 Qf8 44. a6 Bf6 45. a7 1-0

[Event "British KO-ch 2019"]
[Site "London"]
[Date "2019.12.04"]
[Round "2.8"]
[White "Jones, Gawain C B"]
[Black "Howell, David W L"]
[Result "1/2-1/2"]
[ECO "B11"]
[WhiteElo "2663"]
[BlackElo "2701"]
[Annotator "RC"]
[PlyCount "159"]
[EventDate "2019.11.30"]
[EventType "k.o."]
[EventCountry "ENG"]
[SourceTitle "playchess.com"]
[Source "ChessBase"]
[SourceQuality "1"]
[TimeControl "300+3"]

1. e4 c6 2. Nf3 d5 3. Nc3 dxe4 4. Nxe4 Nf6 5. Qe2 Nxe4 6. Qxe4 Qa5 7. b4 Qf5 8. Qe3 Qe6 9. Be2 Qxe3 10. fxe3 f6 11. a3 e5 12. d4 exd4 13. exd4 Be6 14. Bf4 Nd7 15. O-O Nb6 16. Bd3 Bc4 17. Rae1+ Kf7 18. Bc1 Bxd3 19. Ne5+ Kg8 20. Nxd3 Nc4 21. Re4 Bd6 22. c3 Kf7 23. Ne5+ Nxe5 24. dxe5 Rhe8 25. Bf4 Re6 26. Rd4 Bxe5 27. Bxe5 Rxe5 28. Rd7+ Re7 29. Rfd1 Rae8 30. Kf2 Rxd7 31. Rxd7+ Re7 32. Rd8 a6 33. a4 h5 34. Kf3 Kg6 35. Kf4 Kf7 36. h4 Kg6 37. a5 Kf7 38. Rb8 Kg6 39. Rh8 Re2 40. Rb8 Re7 41. Ra8 Kf7 42. g3 Kg6 43. c4 Kf7 44. Ra7 Kf8 45. Kf5 Kf7 46. Ra8 Re5+ 47. Kf4 Re7 48. Rh8 Kg6 49. Rf8 Re1 50. Rb8 Re7 51. Rd8 Kf7 52. Rc8 Kg6 53. Rh8 Re1 54. Rb8 Rc1 55. Rxb7 Rxc4+ 56. Ke3 c5 57. b5 axb5 58. Rxb5 Kf5 59. Kd3 Rc1 60. Kd2 Ra1 61. Kc2 Kg4 62. Kb2 Ra4 63. Kb3 Ra1 64. Kb2 Ra4 65. Rxc5 Kxg3 66. Kb3 Ra1 67. Rxh5 g6 68. Rc5 f5 69. Kb2 Ra4 70. Kb3 Ra1 71. h5 gxh5 72. Kb2 Ra4 73. Kb3 Ra1 74. Rxf5 h4 75. Kb2 Ra4 76. Kb3 Ra1 77. Rg5+ Kf4 78. Rh5 Kg4 79. Rc5 h3 80. Rc4+ 1/2-1/2